 Dungeon Crawl Stone Soup version 0.29.1-13-g9f3cf754e1 (webtiles) character file.

Game seed: 11715648419247249084

4 concernfroge the Scratcher (level 1, -1/9 HPs)
             Began as a Felid Transmuter on Jan 23, 2023.
             Frozen to death by an endoplasm (5 damage)
             ... on level 1 of the Dungeon.
             The game lasted 00:01:02 (153 turns).

concernfroge the Scratcher (Felid Transmuter)        Turns: 153, Time: 00:01:03

Health: -1/9       AC:  1    Str:  6    XL:     1   Next: 50%
Magic:  4/4        EV: 17    Int: 14    God:
Gold:   16         SH:  0    Dex: 16    Spells: 3/4 levels left
                                        Lives:  0   Deaths: 0

rFire   . . .      SeeInvis +     - Unarmed
rCold   . . .      Faith    .   (shield unavailable)
rNeg    . . .      Spirit   .   (body armour unavailable)
rPois   .          Reflect  .   (helmet unavailable)
rElec   .          Harm     .   (cloak unavailable)
rCorr   .          Rampage  .   (gloves unavailable)
Will    .....                   (boots unavailable)
Stlth   ++........              (no amulet)
HPRegen 0.03/turn               (no ring)
MPRegen 0.09/turn               (no ring)

@: quick
A: very small, claws 1, fangs 3, see invisible, speed 1, shaggy fur 1, stealthy
paws, no weapons or thrown items, no armour, multi-lived
a: no special abilities


You were on level 1 of the Dungeon.
You visited 1 branch of the dungeon, and saw 1 of its levels.

You collected 16 gold pieces.

Inventory:

Jewellery
 b - a +6 ring of strength
Scrolls
 c - a scroll of summoning {unknown}
 d - a scroll of immolation {unknown}
Potions
 a - a potion of lignification


   Skills:
 - Level 1.0 Fighting
 + Level 2.8 Dodging
 + Level 0.8 Stealth
 + Level 3.1 Unarmed Combat
 - Level 2.0 Spellcasting
 - Level 2.1 Transmutations


You had 3 spell levels left.
You knew the following spells:

 Your Spells              Type           Power      Damage    Failure   Level
a - Beastly Appendage     Tmut           14%        N/A       10%         1

Your spell library contained the following spells:

 Spells                   Type           Power      Damage    Failure   Level
 Wereblood                Tmut           7%         N/A       14%         2
 Spider Form              Tmut/Pois      4%         N/A       41%         3
 Summon Guardian Golem    Hex/Summ       1%         N/A       56%         3
 Ice Form                 Ice/Tmut       4%         N/A       83%         4
 Orb of Destruction       Conj           0%         9d5       100%        7
 Spellforged Servitor     Conj/Summ      0%         N/A       100%        7


Dungeon Overview and Level Annotations

Branches:
Dungeon (1/15)

Altars:


Innate Abilities, Weirdness & Mutations

You have sharp claws.
You have razor-sharp teeth.
You have supernaturally acute eyesight. (SInv)
You cover ground quickly. (Speed+)
You are covered in fur. (AC +1)
Your paws help you pounce on unaware monsters.
You are incapable of wielding weapons or throwing items.
You cannot wear armour.
You gain extra lives every three experience levels.


Message History

You now have 16 gold pieces (gained 4).
You see here 3 stones.
Found an escape hatch in the floor.
A quokka comes into view.
An endoplasm comes into view.
The quokka barely misses you.
You scratch the quokka but do no damage.
The quokka barely misses you.
You scratch the quokka.
The quokka is severely wounded.
The quokka closely misses you.
You closely miss the quokka.
The quokka is severely wounded.
The quokka closely misses you.
You miss the quokka.
The quokka is severely wounded.
The endoplasm quivers.
The quokka misses you.
You closely miss the quokka.
The quokka is severely wounded.
The quokka bites you.
You scratch the quokka.
You kill the quokka!
c - a scroll labelled EMIWEI JEXITIJ An endoplasm is nearby!
There is an escape hatch in the floor here.
You see here a scroll labelled OPREMI TUSOT.
d - a scroll labelled OPREMI TUSOT
There are no items here.
An endoplasm is nearby!
You scratch the endoplasm but do no damage.
You bite the endoplasm, but do no damage.
The endoplasm freezes you.
You are frozen.
You scratch the endoplasm.
The endoplasm is heavily wounded.
The endoplasm freezes you.
You are frozen.
Ouch! That really hurt!
You die...

. ..........##..
..........#######.#.#####.
##...................###...
..................J#.#...#.
.........##........#...###.
.........#......>....### #.
##........#####....## #.
#.......####......## #.
#........@J......## #.
#.......#.........## #.
##.....##..........# #.
##...######.......# #. ####
#.......# #. ##.....## #.
#......######.
..............
#.......######.


You could see an endoplasm.

Vanquished Creatures
  A ball python (D:1)
  A quokka (D:1)
  2 rats (D:1)
4 creatures vanquished.

Notes
Turn   | Place    | Note
-------+----------+-------------------------------------------
     0 | D:1      | concernfroge the Felid Transmuter began the quest for the
                  | Orb.
     0 | D:1      | Reached XP level 1. HP: 9/9 MP: 4/4
   153 | D:1      | Frozen to death by an endoplasm

Illustrated notes

Levels and vault maps discovered:
D:1:      dpeg_arrival_rooms_c, layout_rooms,
          shapermc_ecumenical_altar_mp_vishouse

Action                   || total
-------------------------++-------
Melee: Unarmed           ||    11
       Bite              ||     1
 Stab: Sleeping          ||     1
Dodge: Dodged            ||     5
